 Dungeon Crawl Stone Soup version 0.31-a0-851-g7ff8af7976 (webtiles) character file.

Game seed: 95251508366182073

290 randomguy2701 the Covert (level 6, 0/51 HPs)
             Began as a Gnoll Wanderer on Oct 6, 2023.
             Constricted to death by an orc priest (3 damage)
             ... on level 4 of the Dungeon.
             The game lasted 00:05:11 (3962 turns).

randomguy2701 the Covert (Gnoll Wanderer)           Turns: 3962, Time: 00:05:12

Health: 0/51       AC:  6    Str: 12 (13) XL:     6   Next: 32%
Magic:  9/9        EV:  9    Int:  7 (10) God:
Gold:   256        SH:  0    Dex: 11 (13) Spells: 9/9 levels left

rFire   . . .        c - +0 spear
rCold   . . .        (no shield)
rNeg    . . .        f - +0 leather armour
rPois   .            k - +2 helmet
rElec   .            (no cloak)
rCorr   .            (no gloves)
SInv    .            (no boots)
Will    .....        s - amulet of the acrobat
Stlth   +++          (no ring)
HPRegen 0.28/turn    (no ring)
MPRegen 0.11/turn

%: acrobat
@: grasped by roots, constricted
A: fangs 1, strong nose, distributed training
a: no special abilities


You were on level 4 of the Dungeon.
You visited 1 branch of the dungeon, and saw 4 of its levels.

You collected 256 gold pieces.

Inventory:

Hand Weapons
 a - a +2 dagger
 c - a +0 spear (weapon)
Armour
 f - a +0 leather armour (worn)
 k - a +2 helmet (worn)
Jewellery
 s - an amulet of the acrobat (around neck)
 u - a ring of resist corrosion
 v - an amulet of faith
Scrolls
 e - 5 scrolls of teleportation
 g - 7 scrolls of identify {unknown}
 h - 3 scrolls of amnesia {unknown}
 n - a scroll of revelation {unknown}
 o - a scroll of summoning {unknown}
 q - a scroll of immolation {unknown}
 t - a scroll of poison {unknown}
 x - a scroll of silence {unknown}
 y - 3 scrolls of torment {unknown}
Potions
 b - a potion of berserk rage
 d - a potion of attraction
 i - a potion of degeneration
 p - a potion of cancellation


   Skills:
 + Level 5.0 Fighting
 + Level 2.0 Short Blades
 + Level 2.0 Long Blades
 + Level 2.0 Axes
 + Level 2.0 Maces & Flails
 + Level 5.0 Polearms
 + Level 2.0 Staves
 + Level 2.0 Ranged Weapons
 + Level 2.0 Throwing
 + Level 3.2 Armour
 + Level 3.2 Dodging
 + Level 8.0 Stealth
 + Level 2.0 Shields
 + Level 2.0 Unarmed Combat
 + Level 2.0 Spellcasting
 + Level 1.5 Conjurations
 + Level 1.5 Hexes
 + Level 1.5 Summonings
 + Level 1.5 Necromancy
 + Level 1.5 Translocations
 + Level 1.5 Transmutations
 + Level 1.5 Fire Magic
 + Level 1.5 Ice Magic
 + Level 1.5 Air Magic
 + Level 1.5 Earth Magic
 + Level 1.5 Poison Magic
 + Level 2.1 Invocations
 + Level 2.0 Evocations
 + Level 1.7 Shapeshifting


You had 9 spell levels left.
You didn't know any spells.
Your spell library was empty.

Dungeon Overview and Level Annotations

Branches:
Dungeon (4/15)
 Temple: D:4-7

Altars:

Shops:
D:3 *


Innate Abilities, Weirdness & Mutations

You have very sharp teeth.
Your uncanny sense of smell can sniff out nearby items.
Your experience applies equally to all skills.


Message History

You closely miss the orc priest.
The orc priest is moderately wounded.
The orc priest calls down the wrath of Beogh upon you.
Beogh smites you!
* * * LOW HITPOINT WARNING * * *
You hit the orc priest but do no damage.
The orc priest is moderately wounded.
The orc priest closely misses you.
You hit the orc priest but do no damage.
The orc priest is moderately wounded.
The orc priest closely misses you.
You hit the orc priest but do no damage.
The orc priest is moderately wounded.
The orc priest closely misses you.
You hit the orc priest.
The orc priest is severely wounded.
The orc priest zaps a wand.
The roots erupt in riotous growth!
The grasping roots grab you!
The orc priest is unaffected.
The grasping roots constrict you.
* * * LOW HITPOINT WARNING * * *
You hit the orc priest but do no damage.
The orc priest is severely wounded.
The orc priest hits you.
* * * LOW HITPOINT WARNING * * *
The grasping roots constrict you.
* * * LOW HITPOINT WARNING * * *
You closely miss the orc priest.
You bite the orc priest, but do no damage.
The orc priest is severely wounded.
You hit the orc priest.
The orc priest is almost dead.
The orc priest barely misses you. The grasping roots constrict you.
The grasping roots release their grip on you.
Unknown command.
You hit the orc priest but do no damage.
The orc priest is almost dead.
The orc priest zaps a wand.
The roots erupt in riotous growth!
The grasping roots grab you!
The orc priest is unaffected.
The grasping roots constrict you.
You die...

############
#........... ∆
####.#########. ###
#.#######.†......#...#.
# ..
#....o@..........#.....
## .#.##
####......##.###.#...#.
.####... #....#######.#
#....##. ...##.# #.##.
#.# #)#####.
......###.#... ..# #.#
#. .#.##.>......#
#<###.#####.
.#.##.###..###
#........... .#.##.# ∆
# #.###.###### .#.##.#
#.#


You could see an orc priest.

Vanquished Creatures
  A jelly (D:4)
  2 iguanas (D:4)
  An orc wizard (D:4)
  11 adders
  A worm (D:2)
  A dart slug (D:4)
  3 orcs (D:4)
  5 ball pythons
  9 endoplasms
  4 giant cockroaches
  3 goblins
  7 hobgoblins
  4 jackals (D:3)
  4 quokkas
  7 bats
  2 frilled lizards
  4 kobolds
  8 rats
77 creatures vanquished.

Vanquished Creatures (others)
  An orc wizard (D:4)
1 creature vanquished.

Grand Total: 78 creatures vanquished

Notes
Turn   | Place    | Note
-------+----------+-------------------------------------------
     0 | D:1      | randomguy2701 the Gnoll Wanderer began the quest for the
                  | Orb.
     0 | D:1      | randomguy2701 set off with the following items: a +2
                  | dagger, a potion of berserk rage, a +0 spear, a potion of
                  | attraction, a scroll of teleportation, a +0 leather armour.
     0 | D:1      | Reached XP level 1. HP: 20/20 MP: 1/1
     6 | D:1      | You fall into a shaft and drop 1 floor!
    32 | D:2      | Reached XP level 2. HP: 26/26 MP: 2/2
   325 | D:2      | Reached XP level 3. HP: 28/31 MP: 3/3
   639 | D:2      | Reached skill level 1 in Invocations
   835 | D:2      | Reached skill level 1 in Short Blades
   835 | D:2      | Reached skill level 1 in Long Blades
   835 | D:2      | Reached skill level 1 in Axes
   835 | D:2      | Reached skill level 1 in Maces & Flails
   835 | D:2      | Reached skill level 1 in Staves
   835 | D:2      | Reached skill level 1 in Ranged Weapons
   835 | D:2      | Reached skill level 1 in Throwing
   835 | D:2      | Reached skill level 1 in Shields
   835 | D:2      | Reached skill level 1 in Unarmed Combat
   835 | D:2      | Reached skill level 1 in Spellcasting
   835 | D:2      | Reached skill level 1 in Evocations
   945 | D:2      | Reached skill level 1 in Shapeshifting
   945 | D:2      | Reached XP level 4. HP: 35/38 MP: 5/5
  1430 | D:1      | Reached skill level 1 in Conjurations
  1430 | D:1      | Reached skill level 1 in Hexes
  1430 | D:1      | Reached skill level 1 in Summonings
  1430 | D:1      | Reached skill level 1 in Necromancy
  1430 | D:1      | Reached skill level 1 in Translocations
  1430 | D:1      | Reached skill level 1 in Transmutations
  1430 | D:1      | Reached skill level 1 in Fire Magic
  1430 | D:1      | Reached skill level 1 in Ice Magic
  1430 | D:1      | Reached skill level 1 in Air Magic
  1430 | D:1      | Reached skill level 1 in Earth Magic
  1430 | D:1      | Reached skill level 1 in Poison Magic
  2181 | D:3      | Found Leami's Assorted Antiques.
  2310 | D:3      | Reached XP level 5. HP: 36/43 MP: 5/7
  3226 | D:4      | Reached skill level 8 in Stealth
  3284 | D:4      | Reached XP level 6. HP: 46/50 MP: 8/8
  3887 | D:4      | Reached skill level 5 in Fighting
  3887 | D:4      | Reached skill level 5 in Polearms
  3962 | D:4      | Constricted to death by an orc priest

Illustrated notes

Levels and vault maps discovered:
D:1:      eino_arrival_cavern_c, layout_basic, minmay_strange_pillars
D:2:      layout_loops_corners, kennysheep_big_empty_room
D:3:      layout_basic, serial_shops, nicolae_shop_advertising_works
          [nicolae_subvault_shop_adworks], minmay_stone_trees_small,
          wander_ebering_terrifying_dragon_lair
D:4:      layout_loops_ring

Skill      XL: |  1  2  3  4  5  6 |
---------------+-------------------+-----
Invocations    | 1 2 |  2.1
Short Blades   | 1 2 |  2.0
Long Blades    | 1 2 |  2.0
Axes           | 1 2 |  2.0
Maces & Flails | 1 2 |  2.0
Staves         | 1 2 |  2.0
Ranged Weapons | 1 2 |  2.0
Throwing       | 1 2 |  2.0
Shields        | 1 2 |  2.0
Unarmed Combat | 1 2 |  2.0
Spellcasting   | 1 2 |  2.0
Evocations     | 1 2 |  2.0
Shapeshifting  | 1 |  1.7
Conjurations   | 1 |  1.5
Hexes          | 1 |  1.5
Summonings     | 1 |  1.5
Necromancy     | 1 |  1.5
Translocations | 1 |  1.5
Transmutations | 1 |  1.5
Fire Magic     | 1 |  1.5
Ice Magic      | 1 |  1.5
Air Magic      | 1 |  1.5
Earth Magic    | 1 |  1.5
Poison Magic   | 1 |  1.5
Armour         | 3 |  3.2
Dodging        | 3 |  3.2
Stealth        | 8 |  8.0
Fighting       | 5 |  5.0
Polearms       | 5 |  5.0

Action                     |  1- 3 |  4- 6 || total
---------------------------+-------+-------++-------
  Melee: Dagger            |    49 |       ||    49
         Bite              |    10 |    26 ||    36
         Spear             |    27 |   296 ||   323
         Punch             |     1 |     5 ||     6
    Use: Potion            |       |     7 ||     7
   Stab: Sleeping          |     5 |    15 ||    20
         Distracted        |       |     1 ||     1
 Armour: Leather armour    |    31 |   121 ||   152
         Skin              |       |    20 ||    20
  Dodge: Dodged            |    32 |   132 ||   164

Table legend: (Time is in decaauts)
 A = Elapsed time spent in this place.
 B = Non-inter-level travel time spent in this place.
 C = Inter-level travel time spent in this place.
 D = Time resting spent in this place.
 E = Time spent auto-exploring this place.
 F = Levels seen in this place.
 G = Mean time per level.
                   A        B        C        D        E       F      G
               +--------+--------+--------+--------+--------+-----+--------+
         Total |   3915 |   3801 |    114 |      0 |   3097 |   4 |  978.8 |
       Dungeon |   3915 |   3801 |    114 |      0 |   3097 |   4 |  978.8 |
               +--------+--------+--------+--------+--------+-----+--------+

Top non-repeatable levels by time:
     D:2: 1262 daAuts
     D:4: 1207 daAuts
     D:3: 798 daAuts
     D:1: 646 daAuts
